 Dungeon Crawl Stone Soup version 0.23.2-1-ga50397a (webtiles) character file.

Game seed: 8576170937797289917

53 HASTUR3 the Magician (level 3, 0/19 HPs)
             Began as a Deep Elf Wizard on May 30, 2019.
             Succumbed to an adder's poison
             ... on level 2 of the Dungeon on May 31, 2019.
             The game lasted 00:10:23 (2105 turns).

HASTUR3 the Magician (Deep Elf Wizard)              Turns: 2105, Time: 00:10:24

Health: 0/19       AC:  2    Str:  9    XL:     3   Next: 64%
Magic:  2/10       EV: 13    Int: 23    God:
Gold:   134        SH:  0    Dex: 17    Spells: 0/10 levels left

rFire    . . .     SeeInvis .   e - +1 dagger (freeze)
rCold    . . .     Gourm    .   (no shield)
rNeg     . . .     Faith    .   a - +0 robe
rPois    .         Spirit   .   b - +0 hat
rElec    .         Reflect  .   (no cloak)
rCorr    .         Harm     .   (no gloves)
MR       .....                  (no boots)
Stlth    ++........             (no amulet)
HPRegen  0.06/turn              (no ring)
MPRegen  0.12/turn              (no ring)

@: mighty, lethally poisoned (0 -> -11)
A: agile 2, subdued magic 1
a: no special abilities


You were on level 2 of the Dungeon.
You were very hungry.

You visited 1 branch of the dungeon, and saw 3 of its levels.

You collected 134 gold pieces.

Inventory:

Hand Weapons
 e - a +1 dagger of freezing (weapon)
Armour
 a - a +0 robe (worn)
 b - a +0 hat (worn)
 m - a +2 helmet
Scrolls
 f - 3 scrolls of identify {unknown}
 g - a scroll of fear {unknown}
 h - 3 scrolls of teleportation {unknown}
 k - 3 scrolls of enchant weapon {unknown}
 l - 2 scrolls of amnesia {unknown}
 n - 2 scrolls of immolation {unknown}
 o - a scroll of blinking {unknown}
 p - a scroll of noise {unknown}
 s - a scroll of magic mapping {unknown}
 t - a scroll of remove curse {unknown}
Potions
 j - a potion of magic {unknown}
 q - a potion of invisibility {unknown}
 r - a potion of brilliance {unknown}
 u - a potion of heal wounds {unknown}
Comestibles
 d - 4 rations


   Skills:
 - Level 2.5 Dodging
 - Level 3.0 Stealth
 - Level 4.4 Spellcasting
 - Level 2.0 Conjurations
 + Level 1.9 Hexes
 + Level 1.9 Summonings
 + Level 2.0 Translocations


You couldn't memorise any spells.
You knew the following spells:

 Your Spells              Type           Power        Failure   Level  Hunger
a - Magic Dart            Conj           ##..         3%          1    None
b - Blink                 Tloc           N/A          5%          2    None
c - Call Imp              Summ           ##......     5%          2    None
d - Slow                  Hex            ##......     5%          2    None
e - Conjure Flame         Conj/Fire      #.......     17%         3    ##.....

Your spell library contained the following spells:

 Spells                   Type           Power        Failure   Level  Hunger
 Mephitic Cloud           Conj/Pois/Air  #.......     19%         3    ##.....


Dungeon Overview and Level Annotations

Branches:
Dungeon (3/15)

Altars:
Hepliaklqana
Xom


Innate Abilities, Weirdness & Mutations

You are very agile. (Dex +4)
Your spells are a little easier to cast, but a little less powerful.


Message History

You feel sick.
Your white imp barely misses the adder.
The adder bites you.
* * * LOW HITPOINT WARNING * * *
You are more poisoned.
The adder poisons you!
Your white imp gestures at the adder.
The puff of frost hits the adder!
You strike the helpless adder from behind!
You hit the adder.
The adder seems to slow down.
You freeze the adder.
You kill the adder!
Your Translocations skill increases to level 2!
* * * LOW HITPOINT WARNING * * *
You feel sick.
It was a potion of might.
You feel very mighty all of a sudden.
* * * LOW HITPOINT WARNING * * *
You feel sick.
It was a potion of mutation.
You feel extremely strange.
Your connection to magic feels subdued.
You feel agile. x2
You die...

#####.#.######.#.#.....#
#.........# #.#.#.###.##
#.........# #.#.#รท......
#.........# #.#.#...#.##
#....<....# #.#.....#...
#####.#.### #.#.#)..#.#.
#.#.######.#.#...#.#.
#############.#...)..#.#.#.....#.
....)....(......@###.#...........
##############.#5# #.###.#####.#.
......)........#.# #.........#...
#####.#.########.# #..#.#.##.###.
......#.........>###..#..........
###.#...........................#
...........#..........#.#........
....#.####.###.#.####.#..........
#####.# #.#..........#..........


You could see a friendly white imp.

Vanquished Creatures
  An adder (D:2)
  2 worms (D:2)
  A dart slug (D:2)
  2 orcs
  5 bats
  2 giant cockroaches
  4 goblins
  A hobgoblin (D:2)
  2 jackals (D:1)
  2 ball pythons
  4 kobolds
  5 rats
31 creatures vanquished.

Vanquished Creatures (collateral kills)
  2 worms (D:2)
  3 orcs
  A giant cockroach (D:2)
6 creatures vanquished.

Grand Total: 37 creatures vanquished

Notes
Turn   | Place    | Note
-------+----------+-------------------------------------------
     0 | D:1      | HASTUR3 the Deep Elf Wizard began the quest for the Orb.
     0 | D:1      | Reached XP level 1. HP: 10/10 MP: 7/7
   302 | D:1      | Reached XP level 2. HP: 15/15 MP: 3/9
   306 | D:1      | Learned a level 2 spell: Blink
   309 | D:1      | Learned a level 2 spell: Call Imp
   312 | D:1      | Learned a level 2 spell: Slow
   734 | D:2      | Found a hazy altar of Hepliaklqana.
   735 | D:2      | Found a shimmering altar of Xom.
   735 | D:2      | Noticed an insubstantial wisp
   736 | D:2      | Noticed an insubstantial wisp
   736 | D:2      | Noticed a spectral ugly thing
  1111 | D:1      | Reached skill level 1 in Hexes
  1276 | D:2      | Reached XP level 3. HP: 17/19 MP: 6/10
  1281 | D:2      | Learned a level 3 spell: Conjure Flame
  2105 | D:2      | Gained mutation: Your spells are a little easier to cast,
                  | but a little less powerful. [potion of mutation]
  2105 | D:2      | Gained mutation: You are agile. (Dex +2) [potion of
                  | mutation]
  2105 | D:2      | Gained mutation: You are very agile. (Dex +4) [potion of
                  | mutation]
  2105 | D:2      | Succumbed to an adder's poison

Skill      XL: |  1  2  3 |
---------------+----------+-----
Conjurations   | 2 |  2.0
Stealth        | 3 |  3.0
Hexes          | 1 |  1.9
Translocations | 2 |  2.0
Dodging        | |  2.5
Spellcasting   | |  4.4
Summonings     | |  1.9

Action                   || total
-------------------------++-------
Melee: Dagger            ||     5
 Cast: Magic Dart        ||    81
       Blink             ||     6
       Slow              ||     2
       Call Imp          ||     5
  Use: Potion            ||     2
 Stab: Distracted        ||     1
       Sleeping          ||     1
  Eat: Chunk             ||     2
Armor: Robe              ||     1
Dodge: Dodged            ||    10
